 Dungeon Crawl Stone Soup version 0.28.0 (webtiles) character file.

Game seed: 5543776152568810856

165 GrayStillPlays the Conjurer (level 5, -2/31 HPs)
             Began as an Octopode Conjurer on Feb 7, 2022.
             Killed by divine providence
             ... invoked by an orc priest
              (11 damage)
             ... on level 4 of the Dungeon.
             The game lasted 00:03:49 (3042 turns).

GrayStillPlays the Conjurer (Octopode Conjurer)     Turns: 3042, Time: 00:03:49

Health: -2/31      AC:  1    Str:  7    XL:     5   Next: 46%
Magic:  11/18      EV: 14    Int: 22    God:
Gold:   100        SH:  0    Dex: 13    Spells: 7/10 levels left

rFire   . . .      SeeInvis .   w - +4 falchion of Honour {pain, MP+9 Dex+3, long}
rCold   . . .      Faith    .   (no shield)
rNeg    . . .      Spirit   .   (helmet restricted)
rPois   .          Reflect  .   v - amulet of the acrobat
rElec   .          Harm     .   (no ring)
rCorr   .          Rampage  .   (no ring)
Will    .....                   (no ring)
Stlth   +++.......              (no ring)
HPRegen 0.10/turn               (no ring)
MPRegen 0.16/turn               (no ring)
                                (no ring)
                                (no ring)

@: very slightly contaminated
A: almost no armour, amphibious, 8 rings, camouflage 1, gelatinous body 1,
(nimble swimmer 1), tentacles
a: no special abilities


You were on level 4 of the Dungeon.
You visited 1 branch of the dungeon, and saw 4 of its levels.

You collected 100 gold pieces.


Innate Abilities, Weirdness & Mutations

You cannot wear most types of armour.
You are amphibious.
You can wear up to eight rings at the same time.
Your skin changes colour to match your surroundings (Stealth+).
Your rubbery body absorbs attacks. (AC +1, EV +1)
((You are camouflaged when in or above water. (Stealth+)))
You have tentacles for arms and can constrict up to eight enemies at once.


   Skills:
 + Level 3.5 Dodging
 - Level 2.6 Stealth
 + Level 3.3 Spellcasting
 + Level 5.0 Conjurations


You had 7 spell levels left.
You knew the following spells:

 Your Spells              Type           Power      Damage    Failure   Level
a - Magic Dart            Conj           100%       1d8       1%          1
b - Searing Ray           Conj           50%        2d6       2%          2

Your spell library contained the following spells:

 Spells                   Type           Power      Damage    Failure   Level
 Dazzling Flash           Conj/Hex       28%        N/A       13%         3
 Ensorcelled Hibernation  Hex/Ice        6%         N/A       19%         2
 Passwall                 Tmut/Erth      2%         N/A       19%         2
 Gell's Gravitas          Tloc           3%         N/A       36%         3
 Lesser Beckoning         Tloc           3%         N/A       36%         3
 Swiftness                Air            3%         N/A       36%         3
 Teleport Other           Tloc           3%         N/A       36%         3
 Fulminant Prism          Conj/Hex       7%         3d7       41%         4
 Iskenderun's Mystic Bla  Conj/Tloc      14%        2d5       41%         4

Inventory:

Hand Weapons
 i - a +0 club {mace}
   (You took it off a goblin on level 1 of the Dungeon)
 l - a +0 club {mace}
   (You took it off a goblin on level 1 of the Dungeon)
 p - a +0 short sword {short}
   (You took it off a kobold on level 2 of the Dungeon)
 q - a +0 club {mace}
   (You took it off a goblin on level 2 of the Dungeon)
 r - a +0 dagger {short}
   (You found it on level 2 of the Dungeon)
 s - a +0 dagger {short}
   (You took it off a goblin on level 2 of the Dungeon)
 t - a +2 war axe of freezing {axe}
   (You found it on level 2 of the Dungeon)
 w - the +4 falchion of Honour (weapon) {pain, MP+9 Dex+3, long}
   (You found it on level 3 of the Dungeon)

   In the hands of one skilled in necromantic magic, it inflicts extra damage on
   living creatures.
   Dex:       It affects your dexterity (+3).
   MP:        It affects your magic capacity (+9).
Missiles
 a - 9 poisoned darts {throwing}
 c - 40 arrows
 j - 17 sling bullets
 k - 68 stones {throwing}
 n - 6 javelins {throwing}
 u - a throwing net {=f!fthrowing}
Jewellery
 f - a ring of fire
   (You found it on level 1 of the Dungeon)
 v - an amulet of the acrobat (around mantle)
   (You found it on level 3 of the Dungeon)
 z - a ring of wizardry
   (You found it on level 4 of the Dungeon)
Scrolls
 b - 5 scrolls of identify {unknown}
 d - 2 scrolls of noise {unknown}
 m - a scroll of vulnerability {unknown}
 x - a scroll of teleportation {unknown}
 y - a scroll of magic mapping {unknown}
Potions
 e - a potion of degeneration {unknown}
 g - 2 potions of lignification {unknown}
 h - 3 potions of mutation {unknown}
 o - a potion of magic {unknown}

Dungeon Overview and Level Annotations

Branches:
Dungeon (4/15)
 Temple: D:4-7

Altars:
Trog

Shops:
D:3

[?? ..#..#.####.#
..#...#.###.# ...
#####.##....# ...
..#...###.#.# ).
..#..###..#.#####.#
......#.#.#.....o.
.....#..#.####.#)#
.....##.#.####.#.##
.).#............@.#
†.#####.........#.#
..#
#####.#.#...######
..# #.#.##.........
.## #.#.##.>....#.#
.# #.#...........#
.# #.#########.###
#. #.# .# #.# #


You could see an orc priest.


Message History

The centaur skeleton hits you.
The centaur skeleton kicks you. 😕 HP[-2]
You take 2 damage, and now have 25/31 hp.
The magic dart hits the centaur skeleton.
The centaur skeleton closely misses you.
The centaur skeleton barely misses you. 😕 HP[+1] MP[-1]
You lost 1 mp, and now have 12/18 mp.
The magic dart hits the centaur skeleton.
You destroy the centaur skeleton! 😕 MP[-1]
You lost 1 mp, and now have 11/18 mp.
You can't see any susceptible monsters within range! (Use Z to cast anyway.)
You can't see any susceptible monsters within range! (Use Z to cast anyway.)
Found an escape hatch in the floor. 😎 HP[+5] MP[+7]
Your hp is fully restored (31).
Your mp is fully restored (18). 2 orcs come into view.
The magic dart hits the orc.
The orc shouts! x2; You hear a shout! 😎 MP[-1]
You lost 1 mp, and now have 17/18 mp.
The magic dart hits the orc!
You kill the orc!
An orc comes into view. It is wielding a +0 trident.
Your Conjurations skill increases to level 5! 😎 MP[-1]
You lost 1 mp, and now have 16/18 mp.
The magic dart hits the orc!
You kill the orc! 😎 MP[-1]
You lost 1 mp, and now have 15/18 mp.
The magic dart hits the orc. 😎 MP[-1]
You lost 1 mp, and now have 14/18 mp.
The magic dart hits the orc. 😎 MP[-1]
You lost 1 mp, and now have 13/18 mp.
The magic dart hits the orc.
You kill the orc!
You can't see any susceptible monsters within range! (Use Z to cast anyway.)
You can't see any susceptible monsters within range! (Use Z to cast anyway.)
You can't see any susceptible monsters within range! (Use Z to cast anyway.)
An orc priest comes into view. It is wielding a +0 hand axe. 😎 MP[+4]
You regained 4 mp, and now have 17/18 mp.
The magic dart hits the orc priest.
The magic dart hits the orc priest.
The orc priest miscasts a cantrip. 😎 MP[-1]
You lost 1 mp, and now have 16/18 mp.
The magic dart hits the orc priest.
The orc priest miscasts a cantrip. 😎 MP[-1]
You lost 1 mp, and now have 15/18 mp.
You miscast Magic Dart.
You are very lightly contaminated with residual magic.
Nothing appears to happen.
The orc priest mumbles some strange prayers to Beogh against you.
Beogh smites you! 😮 HP[-9] MP[-1]
You take 9 damage, and now have 22/31 hp.
MASSIVE DAMAGE!! (PAUSE)
You lost 1 mp, and now have 14/18 mp.
You are too injured to fight recklessly!
You are too injured to fight recklessly!
You are too injured to fight recklessly!
You are too injured to fight recklessly!
You are too injured to fight recklessly!
Aiming: Magic Dart (safe; 1% risk of failure)
Press: ? - help, Q - select action, (/) - cycle Shift-Dir - straight line, f/p - orc priest
Aim: an orc priest, wielding a +0 hand axe and wearing a +0 ring mail (heavily wounded, 100% to hit)
The magic dart hits the orc priest but does no damage. 😮 MP[-1]
You lost 1 mp, and now have 13/18 mp.
Aiming: Magic Dart (safe; 1% risk of failure)
Press: ? - help, Q - select action, (/) - cycle Shift-Dir - straight line, f/p - orc priest
Aim: an orc priest, wielding a +0 hand axe and wearing a +0 ring mail (heavily wounded, 100% to hit)
The magic dart hits the orc priest.
The orc priest invokes the aid of Beogh against you.
You barely resist. 😮 MP[-1]
You lost 1 mp, and now have 12/18 mp.
Aiming: Magic Dart (safe; 1% risk of failure)
Press: ? - help, Q - select action, (/) - cycle Shift-Dir - straight line, f/p - orc priest
Aim: an orc priest, wielding a +0 hand axe and wearing a +0 ring mail (severely wounded, 100% to hit)
The magic dart hits the orc priest.
The orc priest calls down the wrath of Beogh upon you.
Beogh smites you!
* * * LOW HITPOINT WARNING * * *
😨 HP[-13]
You take 13 damage, and now have 9/31 hp.
MASSIVE DAMAGE!! (PAUSE)
Aiming: Magic Dart (safe; 1% risk of failure)
Press: ? - help, Q - select action, (/) - cycle Shift-Dir - straight line, f/p - orc priest
Aim: an orc priest, wielding a +0 hand axe and wearing a +0 ring mail (severely wounded, 100% to hit)
The magic dart hits the orc priest.
The orc priest invokes the aid of Beogh against you.
Beogh smites you!
You die...

Skill      XL: |  1  2  3  4  5 |
---------------+----------------+-----
Dodging        | 3 |  3.5
Spellcasting   | 3 |  3.3
Conjurations   | 5 |  5.0
Stealth        | |  2.6

Action                   |  1- 3 |  4- 6 || total
-------------------------+-------+-------++-------
Melee: Unarmed           |    10 |       ||    10
       Constrict         |     4 |       ||     4
       Tentacles         |     3 |       ||     3
 Cast: Magic Dart        |    58 |    47 ||   105
       Searing Ray       |     2 |       ||     2
Armor: Skin              |       |     1 ||     1
Dodge: Dodged            |     2 |     3 ||     5

Levels and vault maps discovered:
D:1:      giann_bridges, layout_basic, shapermc_ecumenical_altar_acropolis
D:2:      layout_loops_ring, basic_altar
D:3:      layout_loops_ring, serial_shops,
          nicolae_shop_competitors_out_of_business, nicolae_shop_waterfront,
          nicolae_shop_waterfront
D:4:      layout_loops_ring

Notes
Turn   | Place    | Note
-------+----------+-------------------------------------------
     0 | D:1      | GrayStillPlays the Octopode Conjurer began the quest for
                  | the Orb.
     0 | D:1      | Reached XP level 1. HP: 11/11 MP: 3/3
     0 | D:1      | magus.rc [v1.9.6]
   287 | D:1      | You fall into a shaft and drop 1 floor!
   416 | D:1      | Reached XP level 2. HP: 17/17 MP: 0/5
   474 | D:1      | You pick up a book of Displacement and begin reading...
   474 | D:1      | You add the spells Lesser Beckoning, Gell's Gravitas and
                  | Teleport Other to your library.
   511 | D:1      | Found a faded altar of an unknown god.
   837 | D:2      | Found a bloodstained altar of Trog.
  1468 | D:2      | Learned a level 2 spell: Searing Ray
  1477 | D:2      | Reached XP level 3. HP: 19/21 MP: 1/6
  1859 | D:2      | You pick up a book of Burglary and begin reading...
  1859 | D:2      | You add the spells Passwall, Ensorcelled Hibernation and
                  | Swiftness to your library.
  2035 | D:3      | Found Lezoun's Magic Scroll Boutique.
  2056 | D:3      | Reached XP level 4. HP: 27/27 MP: 2/8
  2120 | D:3      | Reached skill level 3 in Dodging
  2332 | D:3      | Found Doass's Magic Scroll Shoppe.
  2376 | D:3      | Identified the +4 falchion of Honour {pain, MP+9 Dex+3}
  2561 | D:3      | Found Ulotyus's Antique Armour Emporium.
  2586 | D:3      | Reached skill level 3 in Spellcasting
  2868 | D:4      | Reached XP level 5. HP: 29/31 MP: 9/9
  3001 | D:4      | Reached skill level 5 in Conjurations
  3042 | D:4      | Killed from afar by an orc priest

Vanquished Creatures
  A centaur skeleton (D:4)
  2 hounds
  An orc wizard (D:3)
  3 worms
  A dart slug (D:1)
  7 orcs
  A ball python (D:3)
  A bat (D:2)
  4 endoplasms
  A giant cockroach (D:3)
  4 goblins
  5 hobgoblins
  A quokka (D:3)
  A frilled lizard (D:2)
  A kobold (D:2)
  5 rats
39 creatures vanquished.

Table legend:
 A = Non-vault XP
 B = Vault XP
 C = Vault XP percentage of total XP
 D = Non-vault monster count
 E = Vault monster count
 F = Vault count percentage of total count
                 A         B        C        D         E       F
            +---------+---------+-------+---------+---------+-------
      Total |     237 |       0 |   0.0 |      39 |       0 |   0.0
            +---------+---------+-------+---------+---------+-------
        D:1 |      13 |       0 |   0.0 |       7 |       0 |   0.0
        D:2 |      35 |       0 |   0.0 |      17 |       0 |   0.0
        D:3 |      95 |       0 |   0.0 |       9 |       0 |   0.0
        D:4 |      94 |       0 |   0.0 |       6 |       0 |   0.0
            +---------+---------+-------+---------+---------+-------

Illustrated notes

Table legend:
 A = Kills in this place as a percentage of kills in entire the game.
 B = Kills by you in this place as a percentage of kills by you in the entire game.
 C = Kills by friends in this place as a percentage of kills by friends in the entire game.
 D = Other kills in this place as a percentage of other kills in the entire game.
 E = Experience gained in this place as a percentage of experience gained in the entire game.
 F = Experience gained in this place divided by the number of levels of this place that you have seen.
                   A       B       C       D       E      F
               +-------+-------+-------+-------+-------+----------------------
         Total | 100.0 | 100.0 |   N/A |   N/A | 100.0 |  59.2
       Dungeon | 100.0 | 100.0 |   N/A |   N/A | 100.0 |  59.2
               +-------+-------+-------+-------+-------+----------------------

Table legend: (Time is in decaauts)
 A = Elapsed time spent in this place.
 B = Non-inter-level travel time spent in this place.
 C = Inter-level travel time spent in this place.
 D = Time resting spent in this place.
 E = Time spent auto-exploring this place.
 F = Levels seen in this place.
 G = Mean time per level.
                   A        B        C        D        E       F      G
               +--------+--------+--------+--------+--------+-----+--------+
         Total |   3041 |   3006 |     35 |      0 |   2752 |   4 |  760.2 |
       Dungeon |   3041 |   3006 |     35 |      0 |   2752 |   4 |  760.2 |
               +--------+--------+--------+--------+--------+-----+--------+

Top non-repeatable levels by time:
     D:2: 1214 daAuts
     D:3: 853 daAuts
     D:1: 762 daAuts
     D:4: 210 daAuts
